 Dungeon Crawl Stone Soup version 0.31-a0-1042-ga9834b393d (webtiles) character file.

Game seed: 15694119256468832361

151 Armakuni the Shooter (level 5, -5/29 HPs)
             Began as a Deep Elf Wanderer on Nov 19, 2023.
             Was an Initiate of Elyvilon.
             Slain by an iguana (13 damage)
             ... on level 4 of the Dungeon.
             The game lasted 00:06:21 (3371 turns).

Armakuni the Shooter (Deep Elf Wanderer)            Turns: 3371, Time: 00:06:22

Health: -5/29      AC:  5    Str: 13    XL:     5   Next: 10%
Magic:  10/10      EV: 12    Int: 18    God:    Elyvilon [......]
Gold:   199        SH:  0    Dex: 17    Spells: 6/8 levels left

rFire   . . .        a - +0 sling
rCold   . . .        (no shield)
rNeg    . . .        g - +1 robe
rPois   .            n - +0 helmet
rElec   .            h - +0 cloak
rCorr   .            (no gloves)
SInv    .            (no boots)
Will    .....        (no amulet)
Stlth   +++          V - +6 ring of strength
HPRegen 0.24/turn    (no ring)
MPRegen 0.12/turn

%: no passive effects
@: no status effects
A: no striking features
a: Renounce Religion


You were on level 4 of the Dungeon.
You worshipped Elyvilon.
Elyvilon was noncommittal.
You visited 1 branch of the dungeon, and saw 4 of its levels.

You collected 199 gold pieces.

Inventory:

Hand Weapons
 a - a +0 sling (weapon)
 b - a +0 dagger
Missiles
 c - a datura-tipped dart (quivered)
Armour
 g - a +1 robe (worn)
 h - a +0 cloak (worn)
 n - a +0 helmet (worn)
 q - a +0 crystal plate armour
Jewellery
 V - a +6 ring of strength (left hand)
Wands
 i - a wand of charming (3)
Scrolls
 e - 4 scrolls of teleportation
 p - 2 scrolls of revelation
 X - a scroll of brand weapon
Potions
 d - a potion of brilliance
 f - a potion of might
 k - a potion of resistance {unknown}
 m - a potion of lignification {unknown}
 o - a potion of mutation {unknown}


   Skills:
 - Level 1.5 Fighting
 + Level 7.4 Ranged Weapons
 - Level 1.2 Dodging
 - Level 3.6 Stealth
 - Level 2.0 Spellcasting
 - Level 1.1 Evocations


You had 6 spell levels left.
You knew the following spells:

 Your Spells              Type           Power      Damage    Failure   Level
b - Blink                 Tloc           2%         N/A       26%         2

Your spell library contained the following spells:

 Spells                   Type           Power      Damage    Failure   Level
 Ensorcelled Hibernation  Hex/Ice        2%         N/A       26%         2
 Lesser Beckoning         Tloc           2%         N/A       26%         2
 Momentum Strike          Conj/Tloc      2%         3d8       26%         2
 Passwall                 Tmut/Erth      0%         N/A       26%         2
 Call Canine Familiar     Summ           1%         N/A       47%         3
 Sigil of Binding         Hex            1%         N/A       47%         3
 Swiftness                Air            1%         N/A       47%         3
 Dimensional Bullseye     Hex/Tloc       0%         N/A       87%         4
 Leda's Liquefaction      Hex/Erth       0%         N/A       87%         4


Dungeon Overview and Level Annotations

Branches:
Dungeon (4/15)             Temple (0/1) D:4

Altars:
Cheibriados
Elyvilon
Okawaru
Uskayaw
Zin


Message History

The kobold throws a stone.
The stone closely misses you.
You shoot a sling bullet.
The sling bullet hits the kobold but does no damage.
The kobold throws a stone.
The stone barely misses you. The kobold attacks as it pursues you!
The kobold hits you with a +0 whip. The kobold attacks as it pursues you!
The kobold barely misses you. The kobold attacks as it pursues you!
The kobold hits you but does no damage. The kobold attacks as it pursues you!
The kobold hits you with a +0 whip.
You shoot a sling bullet. The sling bullet hits the kobold.
You kill the kobold!
Aiming: Charm
Press: ? - help, Shift-Dir - straight line, f - iguana
Aim: an iguana (chance to affect: 60%)
The iguana resists with significant effort.
What are your orders? t - Shout!
Orders for allies: a - Attack new target. p - Attack previous target. r - Retreat! s - Stop attacking. g - Guard the area. f - Follow me.
Anything else - Cancel.
Gang up on whom?
Press: ? - help, Dir - move target, f/p - iguana
Aim: an iguana
Okay, then.
Okay, then.
Throw: 2 darts (datura)
Press: ? - help, Q - select action, (/) - cycle Shift-Dir - straight line, f/p - iguana
Aim: an iguana (60% to hit, chance to frenzy on hit: 83%)
You throw a datura-tipped dart. The datura-tipped dart hits the iguana.
The iguana flies into a frenzy!
The iguana closely misses you.
The kobold throws a stone.
The stone closely misses the iguana.
The stone misses you.
Aiming: Charm
Press: ? - help, Shift-Dir - straight line, f/p - iguana
Aim: an iguana (fast, strong, frenzied and wild, chance to affect: 60%)
The iguana is charmed.
The iguana bites you!
Ouch! That really hurt!
* * * LOW HITPOINT WARNING * * *
The iguana bites you!
You die...

.#######.## #.#
..........#####.#
###.............#
....##.##.......#
######.########.#
######.#### #.#
######.#### #.##
######.#### #..#
######.#### ##@#
######.#♣♣♣♣***#l#
######.#♣..⌠.,*#.#
*,*♣.~.~.♣#K#
*,*♣⌠!~?l.'.#
***♣.~.~.♣###
♣..⌠.,* ♣♣♣♣***
*******


You could see a kobold and a neutral iguana (charmed, fast, strong, frenzied).

Vanquished Creatures
  An orc wizard (D:3)
  5 adders
  A dart slug (D:3)
  6 orcs
  4 ball pythons
  6 endoplasms
  2 giant cockroaches
  6 goblins
  8 hobgoblins
  6 jackals
  4 kobolds
  A quokka (D:2)
  6 bats
  8 frilled lizards
  4 rats
68 creatures vanquished.

Notes
Turn   | Place    | Note
-------+----------+-------------------------------------------
     0 | D:1      | Armakuni the Deep Elf Wanderer began the quest for the Orb.
     0 | D:1      | Armakuni set off with the following items: a +0 dagger, 2
                  | atropa-tipped darts, 2 datura-tipped darts, a +0 sling, a
                  | scroll of teleportation, a potion of attraction, a +0 robe.
     0 | D:1      | Reached XP level 1. HP: 12/12 MP: 3/3
    73 | D:1      | Found a faded altar of an unknown god.
   108 | D:1      | Reached XP level 2. HP: 16/16 MP: 4/4
   230 | D:1      | Reached skill level 5 in Ranged Weapons
   769 | D:2      | Reached XP level 3. HP: 20/20 MP: 5/5
  1511 | D:2      | Reached skill level 6 in Ranged Weapons
  1717 | D:3      | Found a hide-covered altar of Uskayaw.
  1729 | D:3      | Learned a level 2 spell: Blink
  1805 | D:3      | Found a white marble altar of Elyvilon.
  1869 | D:3      | Found a snail-covered altar of Cheibriados.
  1946 | D:3      | Reached XP level 4. HP: 25/25 MP: 6/6
  2155 | D:3      | Reached skill level 1 in Spellcasting
  2495 | D:3      | Reached skill level 7 in Ranged Weapons
  2593 | D:3      | Reached XP level 5. HP: 17/29 MP: 10/10
  2821 | D:3      | Found an iron altar of Okawaru.
  2821 | D:3      | Found a glowing silver altar of Zin.
  3285 | D:3      | Became a worshipper of Elyvilon the Healer
  3371 | D:4      | Slain by an iguana

Illustrated notes

Levels and vault maps discovered:
D:1:      dpeg_arrival_orchard, layout_rooms, basic_ecumenical_altar
D:2:      layout_basic
D:3:      minmay_chambers_of_threes, layout_basic, mainiacjoe_overflow_brackets,
          eat_drink_and_be_merry_uskayaw, gammafunk_temple_overflow_forgotten,
          roderic_nine_men_s_morris
D:4:      layout_loops_ring, minmay_temple_entry_hall,
          kennysheep_generic_room_10, uniq_ijyb

Skill      XL: |  1  2  3  4 |
---------------+-------------+-----
Ranged Weapons | 5 6 7 |  7.4
Spellcasting   | 2 |  2.0
Fighting       | |  1.5
Dodging        | |  1.2
Stealth        | |  3.6
Evocations     | |  1.1

Action                     |  1- 3 |  4- 6 || total
---------------------------+-------+-------++-------
  Melee: Dagger            |    30 |   463 ||   493
         Punch             |       |     6 ||     6
   Fire: Sling             |   147 |    79 ||   226
  Throw: Dart              |       |     1 ||     1
  Evoke: Wand              |       |     2 ||     2
    Use: Scroll            |     3 |     3 ||     6
         Potion            |       |     3 ||     3
 Armour: Robe              |    26 |    38 ||    64
  Dodge: Dodged            |    47 |    31 ||    78

Table legend: (Time is in decaauts)
 A = Elapsed time spent in this place.
 B = Non-inter-level travel time spent in this place.
 C = Inter-level travel time spent in this place.
 D = Time resting spent in this place.
 E = Time spent auto-exploring this place.
 F = Levels seen in this place.
 G = Mean time per level.
                   A        B        C        D        E       F      G
               +--------+--------+--------+--------+--------+-----+--------+
         Total |   3389 |   3229 |    160 |     56 |   2054 |   4 |  847.2 |
       Dungeon |   3389 |   3229 |    160 |     56 |   2054 |   4 |  847.2 |
               +--------+--------+--------+--------+--------+-----+--------+

Top non-repeatable levels by time:
     D:3: 1620 daAuts
     D:2: 1257 daAuts
     D:1: 457 daAuts
     D:4: 53 daAuts
